 Dungeon Crawl Stone Soup version 0.28-a0-199-g298df9dbad (webtiles) character file.

Game seed: 10119664471610602892

4202 Spaninq the Carver (level 10, -2/86 HPs)
             Began as a Yellow Draconian Gladiator on Aug 19, 2021.
             Was a Follower of Okawaru.
             Succumbed to a meliai's poison
             ... on level 8 of the Dungeon.
             The game lasted 00:25:29 (11881 turns).

Spaninq the Carver (Yellow Draconian Gladiator)    Turns: 11881, Time: 00:25:30

Health: -2/86      AC:  8    Str: 20    XL:     10   Next: 8%
Magic:  9/11       EV: 16    Int:  9    God:    Okawaru [*.....]
Gold:   544        SH:  5    Dex: 12    Spells: 6/9 levels left

rFire   . . .      SeeInvis .   q - +4 long sword
rCold   . . .      Faith    .   o - +0 buckler
rNeg    . . .      Spirit   .   (armour unavailable)
rPois   .          Reflect  .   b - +1 hat
rElec   .          Harm     .   j - scarf {repulsion}
rCorr   +          Rampage  .   (no gloves)
Will    .....                   (no boots)
Stlth   +++.......              (no amulet)
HPRegen 0.24/turn               (no ring)
MPRegen 0.12/turn               (no ring)

@: lethally poisoned (-2 -> -15), short of breath, heroic, repel missiles
A: spit acid, AC +7, unfitting armour, cold-blooded, acid resistance
a: Breathe Acid, Renounce Religion, Heroism


You were on level 8 of the Dungeon.
You worshipped Okawaru.
Okawaru was aware of your devotion.
You visited 2 branches of the dungeon, and saw 9 of its levels.
You also visited: Ossuary.

You collected 790 gold pieces.
You spent 246 gold pieces at shops.

Inventory:

Hand Weapons
 q - a +4 long sword (weapon)
 B - the +7 war axe of the Forest {flame, Fragile Str+4 SInv Stlth+}
   (You bought it in a shop on level 3 of the Dungeon)

   It burns those it strikes, dealing additional fire damage.
   Big, fiery blades are also staple armaments of hydra-hunters.
   Str:       It affects your strength (+4).
   SInv:      It lets you see invisible.
   Fragile:   It will be destroyed if unequipped.
   Stlth:     It makes you more stealthy.
Missiles
 c - 2 throwing nets (quivered)
 t - 7 javelins
Armour
 b - a +1 hat (worn)
 g - a +0 cloak
 j - a scarf of repulsion (worn)
 o - a +0 buckler (worn)
Wands
 a - a wand of acid (5)
 C - a wand of mindburst (13)
Scrolls
 d - 3 scrolls of amnesia
 e - 3 scrolls of magic mapping
 f - 2 scrolls of enchant weapon
 h - 3 scrolls of teleportation
 l - 3 scrolls of blinking
 m - a scroll of fog
 s - 3 scrolls of fear
 y - 3 scrolls of enchant armour
Potions
 k - 3 potions of flight
 n - 3 potions of ambrosia
 r - 2 potions of might
 u - 3 potions of mutation
 v - a potion of magic
 w - a potion of brilliance {unknown}
 x - a potion of resistance {unknown}
 z - 2 potions of haste
 A - 3 potions of cancellation
 D - a potion of lignification {unknown}


   Skills:
 + Level 7.6(12.6) Fighting
 * Level 9.9(14.9) Long Blades
 - Level 1.7(6.7) Throwing
 + Level 6.6(11.6) Dodging
 * Level 1.8(6.8) Shields
 - Level 5.0 Translocations
 + Level 2.1 Invocations


You had 6 spell levels left.
You knew the following spells:

 Your Spells              Type           Power      Damage    Failure   Level
a - Blink                 Tloc           N/A        N/A       8%          2
b - Apportation           Tloc           18%        N/A       5%          1

Your spell library contained the following spells:

 Spells                   Type           Power      Damage    Failure   Level
 Corona                   Hex            0%         N/A       38%         1
 Freeze                   Ice            0%         1d3       38%         1
 Magic Dart               Conj           0%         1d3       38%         1
 Slow                     Hex            0%         N/A       52%         2
 Confusing Touch          Hex            0%         N/A       77%         3
 Dazzling Flash           Conj/Hex       0%         N/A       77%         3
 Frozen Ramparts          Ice            0%         1d2       77%         3
 Mephitic Cloud           Conj/Pois/Air  0%         N/A       77%         3
 Vampiric Draining        Necr           0%         2d6       77%         3
 Iskenderun's Mystic Bla  Conj/Tloc      4%         2d3       82%         4
 Manifold Assault         Tloc           9%         N/A       82%         5
 Hailstorm                Conj/Ice       0%         3d3       99%         4
 Alistair's Intoxication  Tmut/Pois      0%         N/A       100%        5
 Eringya's Noxious Bog    Tmut/Pois      0%         N/A       100%        6
 Invisibility             Hex            0%         N/A       100%        6
 Starburst                Conj/Fire      0%         6d3       100%        6
 Storm Form               Tmut/Air       0%         N/A       100%        7
 Animate Skeleton         Necr           Unusable   N/A       N/A         1
 Summon Small Mammal      Summ           Unusable   N/A       N/A         1
 Call Imp                 Summ           Unusable   N/A       N/A         2
 Summon Forest            Summ/Tloc      Unusable   N/A       N/A         5
 Summon Hydra             Summ           Unusable   N/A       N/A         7

Dungeon Overview and Level Annotations

Branches:
Dungeon (8/15)             Temple (1/1) D:7         Ossuary (visited)
   Lair: D:8-11

Altars:
Ashenzari
Dithmenos
Elyvilon
Fedhas
Gozag
Hepliaklqana
Kikubaaqudgha
Makhleb
Nemelex Xobeh
Okawaru
Ru
Trog
Uskayaw
Vehumet
Wu Jian
Xom
Yredelemnul
Zin
The Shining One

Shops:
D:3 (   D:5 *   D:8 *!*[


Innate Abilities, Weirdness & Mutations

You can spit globs of acid.
Your golden yellow scales are hard. (AC +7)
You cannot fit into any form of body armour.
You are cold-blooded and may be slowed by cold attacks.
You are resistant to acid. (rCorr)


Message History

The meliai hits you with a +0 hand axe!
* * * LOW HITPOINT WARNING * * *
The meliai closely misses you.
You slice the meliai!!
You kill the meliai!
Okawaru accepts your kill.
Your Invocations skill increases to level 2!
You feel better. The meliai closely misses you.
The meliai stings you but does no damage.
The meliai hits you with a +0 hand axe.
* * * LOW HITPOINT WARNING * * *
You block the meliai's attack.
You hit the meliai but do no damage. The meliai barely misses you. x2
The meliai closely misses you.
You riposte.
You closely miss the meliai. The meliai stings you.
* * * LOW HITPOINT WARNING * * *
You are lethally poisoned!
The meliai poisons you!
You feel better. The meliai closely misses you.
You riposte.
You hit the meliai.
Your tail-slap misses the meliai.
The meliai is lightly wounded.
The meliai closely misses you. The meliai barely misses you.
You riposte.
You barely miss the meliai.
The meliai is lightly wounded.
The meliai stings you!
* * * LOW HITPOINT WARNING * * *
You closely miss the meliai.
The meliai is lightly wounded.
You block the meliai's attack. The meliai completely misses you.
You hit the meliai but do no damage.
The meliai is lightly wounded.
The meliai misses you. The meliai closely misses you. The meliai misses you.
The meliai stings you!
* * * LOW HITPOINT WARNING * * *
You are lethally poisoned!
The meliai poisons you!
Okay, then.
You barely miss the meliai.
The meliai is lightly wounded.
You die...

#....#.#.##.## #.#.#
#............# #.#.#
#..###.#.###.######.#.#
#.........##.<..[...#.#
#..)##.#..###########.#
#...##.#..# #.#
..........# #.#
#...##.##.# ###### .#
....##.##.# #.@y)#..#
#.#.>....)# #.##...#
#.####.########.##.∩.#
#...............##...#
######.....#######.#.#
#####.# #...# #.# ...[.
#.# ### ## ...


You could see a meliai.

Vanquished Creatures
  A troll (D:6)
  Prince Ribbit (D:8)
  2 meliai (D:8)
  A wyvern (D:6)
  A steam dragon (D:6)
  Edmund (D:4)
  A black bear (D:6)
  2 orc warriors
  2 sky beasts
  A necrophage (D:5)
  2 ice beasts
  A centaur (D:6)
  5 ogres
  A phantom (D:5)
  2 bullfrogs
  A water moccasin zombie (D:6)
  3 scorpions
  A wyvern skeleton (D:7)
  7 wights
  A howler monkey (D:4)
  A bullfrog zombie (D:6)
  5 hounds
  2 centaur skeletons (D:6)
  2 jellies (D:6)
  2 orc priests
  5 iguanas
  Natasha (twice) (D:3)
  2 orc wizards (D:6)
  2 killer bee zombies
  A hound zombie (D:5)
  A hound skeleton (D:4)
  9 mummies
  A howler monkey zombie (D:8)
  A howler monkey skeleton (D:7)
  8 adders
  A shadow imp (D:6)
  2 white imps
  An ufetubus (D:5)
  An adder skeleton (D:4)
  A worm (D:4)
  9 orcs
  7 ball pythons
  6 endoplasms
  8 giant cockroaches
  4 goblins
  5 hobgoblins
  2 jackals (D:4)
  6 kobolds
  2 quokkas
  5 frilled lizards
  2 gnoll zombies (Ossuary)
  4 hobgoblin zombies
  4 kobold zombies
  5 rats
156 creatures vanquished.

Notes
Turn   | Place    | Note
-------+----------+-------------------------------------------
     0 | D:1      | Spaninq the Draconian Gladiator began the quest for the
                  | Orb.
     0 | D:1      | Reached XP level 1. HP: 17/17 MP: 1/1
    72 | D:1      | Reached XP level 2. HP: 23/25 MP: 2/2
    98 | D:1      | Found a faded altar of an unknown god.
   198 | D:1      | Became a worshipper of Ru the Awakened
   199 | D:1      | Fell from the grace of Ru
   776 | D:2      | Reached XP level 3. HP: 28/30 MP: 3/3
  1398 | D:2      | Reached skill level 4 in Long Blades
  1966 | D:3      | Found Karif's Antique Weapon Shoppe.
  2230 | D:3      | Reached XP level 4. HP: 17/38 MP: 4/4
  2754 | D:3      | Noticed Natasha
  2934 | D:3      | Killed Natasha
  3385 | D:4      | Learned a level 2 spell: Blink
  3434 | D:4      | Reached XP level 5. HP: 35/45 MP: 5/5
  3527 | D:4      | Noticed Edmund
  3758 | D:4      | Noticed an ogre
  3778 | D:4      | Killed an ogre
  3779 | D:4      | Reached skill level 5 in Long Blades
  3779 | D:4      | Reached skill level 1 in Translocations
  3998 | D:4      | Reached XP level 6. HP: 47/52 MP: 6/6
  4500 | D:5      | Entered Level 5 of the Dungeon
  4569 | D:5      | Found a sand-covered staircase.
  4580 | Ossuary  | Entered an ossuary
  5524 | D:5      | Your scales start taking on a golden yellow colour.
  5524 | D:5      | Reached XP level 7. HP: 52/59 MP: 7/7
  5524 | D:5      | Gained mutation: You are resistant to acid. (rCorr) [Yellow
                  | Draconian growth]
  5549 | D:5      | Found Kim Seg's General Store.
  5709 | D:5      | Reached skill level 6 in Long Blades
  6915 | D:4      | Killed Edmund
  6916 | D:4      | Reached skill level 5 in Fighting
  7843 | D:3      | Noticed Natasha
  7850 | D:3      | Killed Natasha
  7884 | D:3      | Bought a fading war axe for 246 gold pieces
  7884 | D:3      | Identified the +7 war axe of the Forest {flame, Fragile
                  | Str+4 SInv Stlth+} (You bought it in a shop on level 3 of
                  | the Dungeon)
  8002 | D:6      | Reached XP level 8. HP: 53/68 MP: 8/8
  8194 | D:6      | Reached skill level 7 in Long Blades
  8214 | D:6      | Noticed a troll
  8261 | D:6      | Killed a troll
  8262 | D:6      | Reached skill level 5 in Dodging
  8406 | D:6      | Reached skill level 8 in Long Blades
  8711 | D:6      | Found a sparkling altar of Nemelex Xobeh.
  8735 | D:6      | Reached XP level 9. HP: 71/75 MP: 9/9
  9636 | D:6      | Reached skill level 5 in Translocations
 10020 | D:7      | Learned a level 1 spell: Apportation
 10184 | D:7      | Reached skill level 9 in Long Blades
 10465 | D:7      | Found a glowing golden altar of the Shining One.
 10778 | D:7      | Found a staircase to the Ecumenical Temple.
 10797 | Temple   | Entered the Ecumenical Temple
 10928 | Temple   | Became a worshipper of Warmaster Okawaru
 11371 | D:8      | Found Zyzulaax's Assorted Antiques.
 11392 | D:8      | Noticed Prince Ribbit
 11419 | D:8      | Found Uhul's Distillery.
 11496 | D:8      | Killed Prince Ribbit
 11497 | D:8      | Reached skill level 1 in Invocations
 11662 | D:8      | Found Birir's General Store.
 11721 | D:8      | Reached * piety under Okawaru
 11722 | D:8      | Reached skill level 1 in Shields
 11862 | D:8      | Found Mueseix's Antique Armour Shoppe.
 11863 | D:8      | Noticed a meliai
 11864 | D:8      | Noticed a meliai
 11864 | D:8      | Noticed a meliai
 11867 | D:8      | Killed a meliai
 11868 | D:8      | Reached XP level 10. HP: 27/86 MP: 11/11
 11870 | D:8      | HP: 4/86 [meliai (6)]
 11880 | D:8      | HP: 1/86 [meliai (8)]
 11881 | D:8      | Succumbed to a meliai's poison

Illustrated notes

Levels and vault maps discovered:
D:1:      dpeg_arrival_shelter, layout_basic,
          hellmonk_ecumenical_altar_crossroads, minmay_tetromino_s2
D:2:      layout_basic
D:3:      layout_basic, serial_shops, shop, serial_park_tiny_pond, uniq_natasha
D:4:      layout_loops_ring, glass_columns_a, st_stairs_13,
          chequers_serial_rivers_room_b, uniq_edmund
D:5:      layout_layer_cave, serial_shops, nicolae_shop_trees,
          nicolae_ossuary_entry_giza
D:6:      hangedman_cross_stitches, layout_loops_corners, lemuel_doored_altar,
          kennysheep_generic_room_9
D:7:      minmay_spotlight, layout_cave_pods, mainiacjoe_overflow_alcove_4,
          minmay_temple_entry_steel_oval, serial_column_ruins, column_ruins_hut,
          column_ruins_grid_1, column_ruins_open_tiny, column_ruins_grid_1,
          column_ruins_open_small, column_ruins_open_small
D:8:      layout_loops_ring, kennysheep_mini, serial_shops, shop,
          kennysheep_mini_moat, nicolae_shop_stone, shop, uniq_prince_ribbit1
Temple:   minmay_crystal_spiral_temple

Skill      XL: |  1  2  3  4  5  6  7  8  9 10 |
---------------+-------------------------------+-----
Dodging        | 3 4 5 6 |  6.6
Long Blades    | 4 5 6 8 9 |  9.9
Fighting       | 3 4 5 6 7 |  7.6
Translocations | 1 2 3 4 5 |  5.0
Invocations    | 1 2 |  2.1
Shields        | 1 |  1.8
Throwing       | |  1.7

Action                   |  1- 3 |  4- 6 |  7- 9 | 10-12 || total
-------------------------+-------+-------+-------+-------++-------
Melee: Long sword        |   100 |   155 |   222 |     7 ||   484
       Tailslap          |    12 |    33 |    45 |       ||    90
Throw: Throwing net      |       |     2 |       |       ||     2
 Cast: Blink             |       |     1 |       |       ||     1
Invok: Renounce Religion |     1 |       |       |       ||     1
       Heroism           |       |       |       |     1 ||     1
 Abil: Breathe Acid      |       |       |    40 |       ||    40
  Use: Scroll            |       |     2 |    18 |       ||    20
       Potion            |       |       |     2 |     5 ||     7
 Stab: Sleeping          |     5 |     3 |     1 |       ||     9
Armor: Skin              |    26 |    32 |    69 |     3 ||   130
Dodge: Dodged            |    60 |    80 |   155 |    22 ||   317
       Repelled          |       |       |     1 |       ||     1
Block: Buckler           |       |       |     3 |     3 ||     6
       Rpst.: Long sword |    24 |    27 |    46 |     5 ||   102

Table legend: (Time is in decaauts)
 A = Elapsed time spent in this place.
 B = Non-inter-level travel time spent in this place.
 C = Inter-level travel time spent in this place.
 D = Time resting spent in this place.
 E = Time spent auto-exploring this place.
 F = Levels seen in this place.
 G = Mean time per level.
                   A        B        C        D        E       F      G
               +--------+--------+--------+--------+--------+-----+--------+
         Total |  11939 |  11263 |    676 |   2580 |   6748 |  10 | 1193.9 |
       Dungeon |  10870 |  10280 |    590 |   1999 |   6551 |   8 | 1358.8 |
        Temple |    218 |    132 |     86 |      0 |    127 |   1 |  218.0 |
       Ossuary |    850 |    850 |      0 |    581 |     70 |   1 |  850.0 |
               +--------+--------+--------+--------+--------+-----+--------+

Top non-repeatable levels by time:
     D:2: 2274 daAuts
     D:6: 1910 daAuts
     D:4: 1575 daAuts
     D:5: 1407 daAuts
     D:3: 1178 daAuts
     D:7: 1107 daAuts
 Ossuary: 850 daAuts
     D:1: 770 daAuts
     D:8: 647 daAuts
  Temple: 218 daAuts
